 Dungeon Crawl Stone Soup version 0.20.0-7-g3b7b877 (webtiles) character file.

53359 MDvedh the Severer (level 14, -23/133 HPs)
             Began as a Deep Dwarf Monk on May 29, 2017.
             Was the Champion of Makhleb.
             Annihilated by an orc warrior
             ... wielding a +2 glaive of pain
              (24 damage)
             ... on level 2 of the Orcish Mines.
             The game lasted 00:35:26 (14637 turns).

MDvedh the Severer (Deep Dwarf Monk)               Turns: 14637, Time: 00:35:28

Health: -23/133    AC: 23    Str: 24    XL:     14   Next: 30%
Magic:  9/9        EV:  9    Int: 12    God:    Makhleb [******]
Gold:   938        SH:  0    Dex: 15    Spells: 13/13 levels left

rFire    + . .     SeeInvis .   J - +0 battleaxe (flame)
rCold    . . .     Gourm    .   (shield currently unavailable)
rNeg     + . .     Faith    .   j - +0 plate armour
rPois    .         Spirit   .   i - +2 helmet
rElec    .         Reflect  .   k - scarf {repulsion}
rCorr    .         Harm     .   K - +1 pair of gloves
MR       ++...                  N - +1 pair of boots {Stlth+}
Stlth    ..........             (no amulet)
Regen    0.0/turn               n - ring of protection from fire
MPRegen  0.2/turn               x - +3 ring of strength

@: non-regenerating, repel missiles
A: damage resistance, heal wounds, negative energy resistance 1, sense
surroundings 3, strong 1, MP-powered wands, no regeneration
a: Heal Wounds, Minor Destruction, Lesser Servant of Makhleb, Major Destruction,
Greater Servant of Makhleb, Renounce Religion


You were on level 2 of the Orcish Mines.
You worshipped Makhleb.
Makhleb was exalted by your worship.
You were very full.

You visited 4 branches of the dungeon, and saw 21 of its levels.
You also visited: Ossuary.

You collected 1334 gold pieces.
You spent 396 gold pieces at shops.

Inventory:

Hand Weapons
 J - a +0 battleaxe of flaming (weapon)
Armour
 i - a +2 helmet (worn)
 j - a +0 plate armour (worn)
 k - a scarf of repulsion (worn)
 D - a +0 hat of see invisible
 K - a +1 pair of gloves (worn)
 N - a +1 pair of boots of stealth (worn)
Jewellery
 h - an uncursed ring of flight
 n - a ring of protection from fire (left hand)
 x - a +3 ring of strength (right hand)
 I - an uncursed ring of ice
 U - an uncursed ring of wizardry
Scrolls
 b - 2 scrolls of fear
 d - 3 scrolls of enchant weapon
 s - a scroll of holy word
 t - 2 scrolls of amnesia
 u - 7 scrolls of recharging
 w - 2 scrolls of identify
 y - 9 scrolls of teleportation
 A - 3 scrolls of enchant armour
 B - 4 scrolls of fog
 C - 2 scrolls of remove curse
 E - a scroll of blinking
Potions
 e - 11 potions of curing
 f - 2 potions of ambrosia
 l - 2 potions of heal wounds
 m - 2 potions of berserk rage
 o - 3 potions of agility
 p - 2 potions of flight
 r - a potion of mutation
 z - 3 potions of haste
 F - 2 potions of lignification
 G - 2 potions of brilliance
 H - 2 potions of might
 L - a potion of resistance
 M - a potion of magic
Comestibles
 c - 10 bread rations
 g - 5 meat rations
 q - 22 fruits
 v - 5 royal jellies


   Skills:
 + Level 10.3 Fighting
 * Level 17.8 Axes
 + Level 11.4 Armour
 - Level 3.2 Dodging
 - Level 2.4 Stealth
   Level 6.1 Shields
 + Level 12.2 Invocations


You had 13 spell levels left.
You didn't know any spells.

Dungeon Overview and Level Annotations

Branches:
Dungeon (12/15)            Temple (1/1) D:6            Lair (6/6) D:11
 Shoals (0/4) Lair:3        Snake (0/4) Lair:2        Slime (0/5) Lair:6
    Orc (2/2) D:10
    Elf: Orc:2

Altars:
Ashenzari
Dithmenos
Fedhas
Gozag
Hepliaklqana
Makhleb
Okawaru
Qazlal
Ru
Trog
Uskayaw
Vehumet
Xom
Yredelemnul
Zin
The Shining One
Beogh

Shops:
D:4 [   D:7 %   D:8 *?   Orc:2 ?:

Annotations:
D:12 Azrael
Lair:6 exclusion: 2 oklob plants


Innate Abilities, Weirdness & Mutations

You are resistant to damage.
You can heal yourself by infusing magical energy.
You resist negative energy. (rN+)
You passively map a large area around you.
You do not regenerate.
Your muscles are strong. (Str +2)
You expend magic power (3 MP) to strengthen your wands.


Message History

You closely miss the orc knight.
The orc knight hits you with a broad axe.
The orc knight hits you with a long sword!!
The orc warrior closely misses you.
You barely miss the orc knight.
The orc knight is almost dead.
You hit the orc knight. You burn the orc knight. You slash the orc warrior!
You burn the orc warrior. You hit the orc knight. You burn the orc knight.
You hit the orc warrior. You burn the orc warrior.
The orc knight closely misses you.
The orc warrior hits you with a dire flail of crushing!!
* * * LOW HITPOINT WARNING * * *
x2 An orc comes into view. It is wielding an enchanted trident.
The orc shouts!
Unknown command.
Okay, then.
The orc knight hits you with a long sword!!
* * * LOW HITPOINT WARNING * * *
The orc warrior hits you from afar with a glaive of pain!!
You die... , ,, , , , , ,....... , * * * *,,######....... ** , *, , *,,#...∩#........ , * , ,, #....#......... ,,* # #...,#....#..... ** ###. #ooo

#.......... * * ,
....o##o###..........
* ,
oooohhoo@............
,
oooo##o###..........
* , , ,.
#oo..#.......... , *
* *, *
#ooo.#...†...... , ,
#...∩#..:.......,* **
* , ######..........
,, , ........<.......
,* , ,
................ , ,
* , ,
,...$............


You could see 5 orc knights, 2 wargs, 8 orc warriors and 5 orcs.

Vanquished Creatures
  Gastronok (D:10)
  Josephine (D:12)
  Erolcha (D:12)
  Fannar (Lair:3)
  Harold (Lair:1)
  6 hydras
  A centaur warrior (D:12)
  5 two-headed ogres
  The ghost of kuniqs the Skirmisher, a journeyman VSEE of Uskayaw (D:11)
  A queen ant (Lair:2)
  3 unseen horrors
  3 ugly things
  An orc knight (D:10)
  An orc sorcerer (Orc:1)
  A merfolk siren (Lair:3)
  5 black mambas
  2 cyclopes
  19 spiny frogs
  2 komodo dragons
  A polar bear (Lair:5)
  5 trolls
  16 blink frogs
  4 tyrant leeches (Lair:6)
  4 dream sheep (Lair:6)
  4 hippogriffs
  A spriggan (D:11)
  7 wraiths
  16 yaks
  A vampire (D:12)
  2 wyverns (D:8)
  3 fire elementals
  8 vampire mosquitoes
  Grum (D:9)
  6 soldier ants (Lair:2)
  3 wargs (Orc:2)
  12 water moccasins
  A hell hound (D:12)
  8 porcupines
  4 ice beasts
  4 black bears
  A hornet zombie (D:10)
  4 sky beasts
  2 necrophages
  10 orc warriors
  14 centaurs
  3 ogres
  3 phantoms
  An eye of draining (D:8)
  6 crocodiles
  27 wolves
  A big kobold (D:11)
  27 bullfrogs
  2 wyvern skeletons
  4 scorpions
  6 killer bees (D:10)
  An electric eel (Lair:6)
  A howler monkey (D:11)
  3 crimson imps
  2 quasits (D:11)
  4 jellies
  3 centaur skeletons
  5 bullfrog skeletons
  4 centaur zombies
  8 orc priests
  5 hounds
  7 iguanas
  Natasha (thrice) (D:4)
  7 orc wizards
  7 hell rats (Lair:5)
  24 worker ants
  6 mummies (Ossuary)
  A worker ant zombie (D:6)
  8 adders
  7 gnolls
  A howler monkey skeleton (D:4)
  2 shadow imps (D:11)
  4 oozes
  3 worms
  3 dart slugs
  3 leopard geckos
  61 orcs
  A ball python (D:3)
  5 giant cockroaches
  12 hobgoblins
  9 jackals
  13 kobolds
  6 quokkas
  7 bats
  5 frilled lizards
  13 goblins
  2 hobgoblin zombies
  A leopard gecko skeleton (D:5)
  8 rats
  2 fungi (Lair:6)
  8 plants
553 creatures vanquished.

Vanquished Creatures (others)
  A fungus (Lair:6)
  15 plants
16 creatures vanquished.

Grand Total: 569 creatures vanquished

Notes
Turn   | Place    | Note
-------+----------+-------------------------------------------
     0 | D:1      | MDvedh the Deep Dwarf Monk began the quest for the Orb.
     0 | D:1      | Reached XP level 1. HP: 20/20 MP: 1/1
   176 | D:1      | Reached XP level 2. HP: 18/27 MP: 2/2
   178 | D:1      | Reached skill level 4 in Axes
   749 | D:2      | Reached XP level 3. HP: 21/33 MP: 3/3
   994 | D:2      | Reached skill level 5 in Axes
  1261 | D:2      | Reached XP level 4. HP: 38/40 MP: 3/3
  1690 | D:3      | Found an iron altar of Okawaru.
  1775 | D:3      | Reached skill level 6 in Axes
  1843 | D:3      | Reached XP level 5. HP: 46/46 MP: 4/4
  1852 | D:3      | Found a hide-covered altar of Uskayaw.
  1888 | D:3      | Found a shadowy altar of Dithmenos.
  2132 | D:3      | Reached skill level 7 in Axes
  2539 | D:4      | Reached XP level 6. HP: 42/55 MP: 4/4
  2589 | D:4      | Found Arghalar's Armour Shop.
  2592 | D:4      | Bought a +0 pair of gloves for 54 gold pieces
  2600 | D:4      | Noticed Natasha
  2606 | D:4      | Killed Natasha
  2746 | D:4      | Noticed Natasha
  2758 | D:4      | Killed Natasha
  2758 | D:4      | Reached skill level 8 in Axes
  2904 | D:4      | Noticed Natasha
  2913 | D:4      | Killed Natasha
  2936 | D:5      | Entered Level 5 of the Dungeon
  3024 | D:5      | Found a shimmering altar of Xom.
  3089 | D:5      | Reached skill level 9 in Axes
  3089 | D:5      | Reached XP level 7. HP: 45/61 MP: 4/4
  3272 | D:5      | Found a basalt altar of Yredelemnul.
  3503 | D:6      | Found an iron altar of Okawaru.
  3553 | D:6      | Reached skill level 10 in Axes
  3660 | D:6      | Reached XP level 8. HP: 25/68 MP: 5/5
  3665 | D:6      | Gained mutation: You are resistant to hostile enchantments. (MR+) [mutagenic meat]
  3666 | D:6      | Gained mutation: You are dopey. (Int -2) [mutagenic meat]
  3667 | D:6      | Gained mutation: You have a pair of small antennae on your head. [mutagenic meat]
  3915 | D:6      | Reached skill level 11 in Axes
  4065 | D:6      | Found a staircase to the Ecumenical Temple.
  4087 | Temple   | Entered the Ecumenical Temple
  4115 | Temple   | Became a worshipper of Makhleb the Destroyer
  4115 | Temple   | Reached * piety under Makhleb
  4115 | Temple   | Reached ** piety under Makhleb
  4396 | D:7      | Reached skill level 12 in Axes
  4544 | D:7      | Found Jiefuaw's Food Boutique.
  4816 | D:7      | Found a sacrificial altar of Ru.
  5045 | D:7      | Gained mutation: You passively map the area around you. [Deep Dwarf growth]
  5045 | D:7      | Reached XP level 9. HP: 32/74 MP: 5/5
  5254 | D:8      | Reached skill level 13 in Axes
  5267 | D:8      | Found Ydiatey's Magic Scroll Shop.
  5275 | D:8      | Bought a scroll of immolation for 42 gold pieces
  5275 | D:8      | Bought a scroll of torment for 90 gold pieces
  5275 | D:8      | Bought a scroll of enchant armour for 90 gold pieces
  5275 | D:8      | Bought a scroll of fog for 24 gold pieces
  5275 | D:8      | Bought a scroll of teleportation for 36 gold pieces
  5275 | D:8      | Bought a scroll of identify for 24 gold pieces
  5275 | D:8      | Bought a scroll of teleportation for 36 gold pieces
  5301 | D:8      | Found a sand-covered staircase.
  5313 | Ossuary  | Entered an ossuary
  5544 | Ossuary  | Lost mutation: You have a pair of small antennae on your head. [potion of mutation]
  5544 | Ossuary  | Lost mutation: You are dopey. (Int -2) [potion of mutation]
  5544 | Ossuary  | Lost mutation: You are resistant to hostile enchantments. (MR+) [potion of mutation]
  5544 | Ossuary  | Gained mutation: You passively map a large area around you. [potion of mutation]
  5544 | Ossuary  | Gained mutation: You expend magic power (3 MP) to strengthen your wands. [potion of mutation]
  5544 | Ossuary  | Gained mutation: Your muscles are strong. (Str +2) [potion of mutation]
  5618 | D:8      | Found a glowing silver altar of Zin.
  5619 | D:8      | Noticed an angel
  5642 | D:8      | Found Nuten's Assorted Antiques.
  5719 | D:8      | Reached skill level 14 in Axes
  5766 | D:8      | Reached skill level 1 in Armour
  5766 | D:8      | Reached skill level 1 in Shields
  5769 | D:8      | Found a bloodstained altar of Trog.
  5910 | D:8      | Noticed a two-headed ogre
  5932 | D:8      | Killed a two-headed ogre
  6025 | D:8      | Reached XP level 10. HP: 85/85 MP: 2/5
  6180 | D:9      | Noticed Grum
  6195 | D:9      | Reached *** piety under Makhleb
  6207 | D:9      | Killed Grum
  6321 | D:9      | Noticed a two-headed ogre
  6335 | D:9      | Killed a two-headed ogre
  6390 | D:9      | Reached skill level 5 in Fighting
  6574 | D:9      | Reached skill level 5 in Shields
  6705 | D:9      | Reached skill level 5 in Armour
  6857 | D:10     | Entered Level 10 of the Dungeon
  6880 | D:10     | Noticed Gastronok
  6913 | D:10     | Killed Gastronok
  7055 | D:10     | Reached XP level 11. HP: 96/97 MP: 7/9
  7195 | D:10     | Found a roughly hewn altar of Beogh.
  7195 | D:10     | Found a staircase to the Orcish Mines.
  7201 | D:10     | Noticed an orc knight
  7249 | D:10     | HP: 4/98 [orc priest/divine providence (12)]
  7256 | D:10     | Killed an orc knight
  7274 | D:10     | Reached skill level 5 in Invocations
  7297 | D:10     | Reached **** piety under Makhleb
  7462 | D:10     | Noticed an unseen horror
  7507 | D:10     | Killed an unseen horror
  7859 | D:11     | Noticed a red ugly thing
  7869 | D:11     | Noticed kuniqs's ghost (journeyman VSEE)
  7870 | D:11     | Noticed a two-headed ogre
  7892 | D:10     | Killed a red ugly thing
  7903 | D:11     | Killed a two-headed ogre
  7933 | D:11     | Killed kuniqs's ghost
  8023 | D:11     | Noticed a two-headed ogre
  8038 | D:11     | Killed a two-headed ogre
  8038 | D:11     | Reached ***** piety under Makhleb
  8163 | D:11     | Noticed an unseen horror
  8175 | D:11     | Killed an unseen horror
  8326 | D:11     | Found a staircase to the Lair.
  8331 | D:11     | Reached XP level 12. HP: 100/110 MP: 8/8
  8477 | Lair:1   | Entered Level 1 of the Lair of Beasts
  8485 | Lair:1   | Reached skill level 15 in Axes
  8911 | D:12     | Noticed Erolcha
  8911 | D:12     | Noticed a centaur warrior
  8922 | D:12     | Killed a centaur warrior
  8924 | D:12     | Killed Erolcha
  9041 | D:12     | Noticed Josephine
  9065 | D:12     | Killed Josephine
  9481 | D:12     | Noticed Azrael
  9799 | Lair:1   | Noticed Harold
  9811 | Lair:1   | Noticed a six-headed hydra
  9815 | Lair:1   | Killed Harold
  9821 | Lair:1   | Killed a three-headed hydra
  9821 | Lair:1   | Reached skill level 16 in Axes
 10495 | Lair:2   | Reached XP level 13. HP: 121/121 MP: 7/7
 10510 | Lair:2   | Reached skill level 10 in Armour
 10516 | Lair:2   | Reached skill level 10 in Invocations
 10525 | Lair:2   | Reached ****** piety under Makhleb
 10587 | Lair:2   | Found a staircase to the Snake Pit.
 10986 | Lair:3   | Identified a scroll of acquirement
 11290 | Lair:3   | Noticed Fannar
 11331 | Lair:3   | Killed Fannar
 11355 | Lair:3   | Found a staircase to the Shoals.
 13049 | Lair:6   | Entered Level 6 of the Lair of Beasts
 13099 | Lair:6   | Reached skill level 17 in Axes
 13214 | Lair:6   | Reached skill level 10 in Fighting
 13390 | Lair:6   | Gained mutation: You resist negative energy. (rN+) [Deep Dwarf growth]
 13390 | Lair:6   | Reached XP level 14. HP: 132/132 MP: 8/8
 13401 | Lair:6   | Found a staircase to the Slime Pits.
 14410 | Orc:1    | Entered Level 1 of the Orcish Mines
 14605 | Orc:2    | Entered Level 2 of the Orcish Mines
 14625 | Orc:2    | Found Kezxiwes's Book Emporium.
 14627 | Orc:2    | Found Duykh's Magic Scroll Boutique.
 14637 | Orc:2    | HP: 1/133 [orc knight/long sword (21)]
 14637 | Orc:2    | Annihilated by an orc warrior

Skill      XL: |  1  2  3  4  5  6  7  8  9 10 11 12 13 14 |
---------------+-------------------------------------------+-----
Axes           | 4 5 6 7 9 10 12 14 16 17 | 17.8
Fighting       | 3 6 7 9 10 | 10.3
Armour         | 3 6 8 9 11 | 11.4
Shields        | 3 6 |  6.1
Invocations    | 4 7 9 11 12 | 12.2
Dodging        | |  3.2
Stealth        | |  2.4

Action                   |  1- 3 |  4- 6 |  7- 9 | 10-12 | 13-15 || total
-------------------------+-------+-------+-------+-------+-------++-------
Melee: Hand axe          |   156 |   355 |   526 |   422 |       ||  1459
       Battleaxe         |       |       |       |   593 |   585 ||  1178
 Abil: Heal Wounds       |     1 |     4 |    12 |    32 |     1 ||    50
  Use: Scroll            |       |     5 |    12 |     7 |     7 ||    31
       Potion            |       |       |     1 |     7 |       ||     8
 Stab: Sleeping          |     6 |       |       |       |       ||     6
  Eat: Chunk             |     1 |     7 |     6 |     2 |     4 ||    20
       Bread ration      |       |       |     2 |     2 |     1 ||     5
       Meat ration       |       |       |       |     1 |     2 ||     3
Armor: Robe              |    20 |       |       |       |       ||    20
       Plate armour      |    58 |   202 |   229 |   801 |   422 ||  1712
Dodge: Dodged            |    80 |    71 |   112 |   430 |   283 ||   976
       Deflected         |     2 |       |     4 |    22 |       ||    28
Block: Buckler           |       |       |    21 |   105 |       ||   126
